 Dungeon Crawl Stone Soup version 0.29-a0-972-g43c84944fd (webtiles) character file.

Game seed: 4736860351821557107

1543 Plasmagod the Thaumaturge (level 9, -1/55 HPs)
             Began as a Djinni Fire Elementalist on July 31, 2022.
             Was an Initiate of Makhleb.
             Slain by a hound (2 damage)
             ... on level 6 of the Dungeon.
             The game lasted 00:16:36 (6043 turns).

Plasmagod the Thaumaturge (DjFE)                    Turns: 6043, Time: 00:16:37

Health: -1/55      AC:  4    Str:  7    XL:     9   Next: 11%
Gold:   269        EV: 13    Int: 22    God:    Makhleb [......] SH:  0 Dex: 13

rFire   + + .      SeeInvis .   (no weapon)
rCold   x . .      Faith    .   (no shield)
rNeg    . . .      Spirit   .   a - +0 robe
rPois   ∞          Reflect  .   (no helmet)
rElec   .          Harm     .   (no cloak)
rCorr   .          Rampage  .   f - +1 pair of gloves
Will    +....                   (boots unavailable)
Stlth   ++........              (no amulet)
HPRegen 0.18/turn               i - ring of willpower
MPRegen 0.00/turn               (no ring)

@: flying
A: sickness immunity, fire resistance 2, cold vulnerability 1, float, innate
caster, HP casting, extra vitality 1
a: Renounce Religion


You were on level 6 of the Dungeon.
You worshipped Makhleb.
Makhleb was noncommittal.
You visited 2 branches of the dungeon, and saw 7 of its levels.

You collected 269 gold pieces.

Inventory:

Armour
 a - a +0 robe (worn)
 f - a +1 pair of gloves (worn)
Jewellery
 i - a ring of willpower (left hand)
 r - a +4 ring of evasion
Wands
 n - a wand of iceblast (16)
Scrolls
 b - 2 scrolls of teleportation {unknown}
 g - a scroll of enchant weapon {unknown}
 h - 7 scrolls of identify {unknown}
 k - 2 scrolls of poison {unknown}
 m - a scroll of magic mapping {unknown}
 o - 3 scrolls of vulnerability {unknown}
 p - a scroll of silence {unknown}
 t - a scroll of immolation {unknown}
 u - a scroll of fear {unknown}
Potions
 c - 3 potions of curing {unknown}
 d - a potion of flight
 e - a potion of berserk rage {unknown}
 j - 3 potions of might {unknown}
 l - 2 potions of lignification {unknown}
 q - 2 potions of attraction {unknown}
 s - a potion of haste {unknown}


   Skills:
 + Level 3.2 Dodging
 + Level 3.1 Stealth
 + Level 8.1 Spellcasting


You had one spell level left.
You knew the following spells:

 Your Spells              Type           Power      Damage    Failure   Level
a - Foxfire               Conj/Fire      100%       2x1d9     1%          1
b - Scorch                Fire           90%        2d10      1%          2
c - Conjure Flame         Conj/Fire      45%        6-21      1%          3
d - Inner Flame           Hex/Fire       45%        N/A       1%          3
e - Flame Wave            Conj/Fire      45%        2d12      2%          4
f - Magic Dart            Conj           100%       1d8       1%          1
g - Blink                 Tloc           90%        N/A       1%          2
h - Lesser Beckoning      Tloc           45%        N/A       1%          3
i - Airstrike             Air            22%        0-8+      2%          4
Your spell library was empty.

Dungeon Overview and Level Annotations

Branches:
Dungeon (6/15)             Temple (1/1) D:5

Altars:
Ashenzari
Cheibriados
Dithmenos
Elyvilon
Fedhas
Gozag
Hepliaklqana
Makhleb
Nemelex Xobeh
Qazlal
Ru
Trog
Uskayaw
Xom
Yredelemnul
Zin

Shops:
D:1 ?


Innate Abilities, Weirdness & Mutations

You are immune to sickness and miasma.
You are immune to poison.
Your flesh is very heat resistant. (rF++)
You are vulnerable to cold. (rC-)
You float through the air rather than walking.
You learn spells naturally, not from books.
Your magical power is your life essence.
You have superior vitality. (+4 MHP)


Message History

The hound attacks as you move away! The hound bites you.
Casting: Airstrike (dangerous; 2% risk of failure)
Confirm with . or Enter, or press ? or * to list all spells.
Casting: Flame Wave (dangerous; 2% risk of failure)
Press: ? - help, Dir - look around, f - activate A wave of flame ripples out!
The flame wave engulfs the hound but does no damage. (Press . to intensify the flame waves.)
The hound bites you but does no damage. x2
The orc priest invokes the aid of Beogh against you.
Beogh smites you! The hound attacks as you move away!
The hound closely misses you. The hound bites you.
The hound attacks as you move away! The hound bites you.
* * * LOW HITPOINT WARNING * * *
The hound bites you but does no damage.
There is an escape hatch in the floor here.
The hound barely misses you. The hound bites you.
* * * LOW HITPOINT WARNING * * *
The hound bites you.
* * * LOW HITPOINT WARNING * * *
The hound barely misses you.
The orc priest miscasts a cantrip.
As you open the door, it creaks loudly! The hound closely misses you.
The orc priest looks braver for a moment.
The hound closely misses you.
There is an open door here.
The hound closely misses you. The hound attacks as you move away!
The hound misses you. The hound misses you. The white imp gestures at you.
The puff of frost hits you!
You feel a terrible chill!
* * * LOW HITPOINT WARNING * * *
The hound closely misses you.
It was a potion of flight.
You feel more buoyant. The hound bites you.
You die...

### # #.. #.##+#.#
#......# #......#
#.....@#
#.##+#h#### #o...#
#....# #....#
#..5.#
#....#############
#....o..5..o..o...
#....#############


You could see a hound, an orc priest, a white imp and an orc.

Vanquished Creatures
  Sigmund (D:3)
  A steam dragon (D:6)
  3 ogres
  3 phantoms
  A kobold brigand (D:6)
  4 scorpions (D:5)
  2 jellies (D:4)
  4 hounds
  An orc priest (D:4)
  An iguana (D:5)
  2 orc wizards
  4 gnolls (D:5)
  6 adders
  A white imp (D:5)
  A worm (D:3)
  3 dart slugs
  10 orcs
  11 endoplasms
  4 giant cockroaches
  7 hobgoblins
  3 jackals (D:5)
  10 kobolds
  2 quokkas
  7 ball pythons
  4 bats
  2 frilled lizards
  6 goblins
  6 rats
110 creatures vanquished.

Vanquished Creatures (others)
  310 foxfires
310 creatures vanquished.

Grand Total: 420 creatures vanquished

Notes
Turn   | Place    | Note
-------+----------+-------------------------------------------
     0 | D:1      | Plasmagod the Djinni Fire Elementalist began the quest for
                  | the Orb.
     0 | D:1      | Plasmagod set off with the following spells memorised:
                  | Foxfire, Scorch, Conjure Flame, Inner Flame, Flame Wave.
     0 | D:1      | Reached XP level 1. HP: 15/15 MP: 0/0
   176 | D:1      | Reached XP level 2. HP: 16/21 MP: 0/0
   327 | D:1      | Found Qikadu's Magic Scroll Emporium.
   576 | D:1      | Reached skill level 3 in Spellcasting
   582 | D:1      | Reached XP level 3. HP: 22/25 MP: 0/0
   582 | D:1      | Learned a level 1 spell: Magic Dart
  1574 | D:2      | Reached XP level 4. HP: 22/31 MP: 0/0
  2281 | D:3      | Found a faded altar of an unknown god.
  2428 | D:3      | Noticed Sigmund
  3007 | D:4      | Reached XP level 5. HP: 29/35 MP: 0/0
  3007 | D:4      | Learned a level 2 spell: Blink
  3141 | D:4      | Reached skill level 4 in Spellcasting
  3262 | D:4      | Noticed an ogre
  3291 | D:4      | Killed an ogre
  3292 | D:4      | Reached XP level 6. HP: 17/40 MP: 0/0
  3646 | D:4      | Reached skill level 5 in Spellcasting
  3886 | D:4      | Reached XP level 7. HP: 41/45 MP: 0/0
  3886 | D:4      | Learned a level 3 spell: Lesser Beckoning
  4154 | D:5      | Entered Level 5 of the Dungeon
  4248 | D:5      | Reached skill level 6 in Spellcasting
  4406 | D:5      | Reached XP level 8. HP: 44/50 MP: 0/0
  4709 | D:5      | Found a staircase to the Ecumenical Temple.
  4715 | Temple   | Entered the Ecumenical Temple
  4833 | Temple   | Became a worshipper of Makhleb the Destroyer
  5142 | D:5      | Found a snail-covered altar of Cheibriados.
  5306 | D:3      | Killed Sigmund
  5307 | D:3      | Reached skill level 7 in Spellcasting
  5766 | D:6      | Reached XP level 9. HP: 36/55 MP: 0/0
  5766 | D:6      | Learned a level 4 spell: Airstrike
  5768 | D:6      | Reached skill level 8 in Spellcasting
  6040 | D:6      | HP: 1/55 [white imp/puff of frost (15)]
  6043 | D:6      | Slain by a hound

Illustrated notes

Levels and vault maps discovered:
D:1:      minmay_arrival_wavy_path, layout_loops_ring, serial_shops, shop
D:2:      layout_basic
D:3:      layout_basic, hellmonk_ecumenical_altar_arch_garden, uniq_sigmund
D:4:      layout_loops_ring
D:5:      layout_cave_pools, cheibriados_altar_2, minmay_temple_entry_wispy,
          serial_column_ruins, column_ruins_square_medium,
          column_ruins_columns_straight, column_ruins_open_small,
          column_ruins_open_small
D:6:      layout_basic, nicolae_elevator_lobby_asterisk
Temple:   minmay_crystal_spiral_temple

Skill      XL: |  1  2  3  4  5  6  7  8  9 |
---------------+----------------------------+-----
Spellcasting   | 3 4 5 6 7 8 |  8.1
Stealth        | 2 3 |  3.1
Dodging        | 3 |  3.2

Action                   |  1- 3 |  4- 6 |  7- 9 || total
-------------------------+-------+-------+-------++-------
Melee: Unarmed           |     1 |       |       ||     1
 Cast: Foxfire           |    63 |    59 |    69 ||   191
       Scorch            |     3 |    25 |    28 ||    56
       Magic Dart        |       |     1 |       ||     1
       Conjure Flame     |       |     1 |       ||     1
       Flame Wave        |       |       |     3 ||     3
       Airstrike         |       |       |     2 ||     2
  Use: Potion            |       |       |     1 ||     1
Armor: Robe              |     3 |     3 |     4 ||    10
Dodge: Dodged            |    15 |    11 |    17 ||    43

Table legend: (Time is in decaauts)
 A = Elapsed time spent in this place.
 B = Non-inter-level travel time spent in this place.
 C = Inter-level travel time spent in this place.
 D = Time resting spent in this place.
 E = Time spent auto-exploring this place.
 F = Levels seen in this place.
 G = Mean time per level.
                   A        B        C        D        E       F      G
               +--------+--------+--------+--------+--------+-----+--------+
         Total |   6043 |   5799 |    244 |    460 |   4614 |   7 |  863.3 |
       Dungeon |   5839 |   5679 |    160 |    460 |   4532 |   6 |  973.2 |
        Temple |    203 |    119 |     84 |      0 |     82 |   1 |  203.0 |
               +--------+--------+--------+--------+--------+-----+--------+

Top non-repeatable levels by time:
     D:1: 1277 daAuts
     D:4: 1248 daAuts
     D:3: 957 daAuts
     D:5: 911 daAuts
     D:2: 751 daAuts
     D:6: 693 daAuts
  Temple: 203 daAuts
